 Dungeon Crawl Stone Soup version 0.31-a0-656-gb4d89c20fa (webtiles) character file.

Game seed: 1094684865480205527

73479 cforsyth the Prestidigitator (level 15, -8/105 HPs)
             Began as a Gnoll Artificer on Aug 30, 2023.
             Was the Champion of Hepliaklqana.
             Mangled by an orc knight
             ... wielding a +0 long sword
              (31 damage)
             ... on level 2 of the Orcish Mines.
             The game lasted 00:39:26 (22090 turns).

cforsyth the Prestidigitator (Gnoll Artificer)     Turns: 22090, Time: 00:39:27

Health: -8/105     AC: 32    Str: 17    XL:     15   Next: 43%
Magic:  29/29      EV:  7    Int: 15    God:    Hepliaklqana [******]
Gold:   2056       SH: 18    Dex: 11    Spells: 32/34 levels left

rFire   + + .        J - +4 scimitar (flame)
rCold   . . .        U - +2 kite shield
rNeg    . . .        R - +12 plate armour of Classification {Will++ Str+4 Dex-3}
rPois   +            F - +0 helmet
rElec   .            p - +1 cloak {rPois}
rCorr   .            (no gloves)
SInv    .            H - +0 pair of boots
Will    +++..        y - amulet of reflection Stlth
                     r - ring of protection from fire
HPRegen 0.37/turn    G - ring of protection from fire
MPRegen 0.21/turn

%: reflection
@: no status effects
A: reduced essence, fangs 1, strong nose, distributed training
a: Renounce Religion, Recall Ancestor, Ancestor Identity, Transference, Idealise


You were on level 2 of the Orcish Mines.
You worshipped Hepliaklqana.
Hepliaklqana was exalted by your worship.
You visited 4 branches of the dungeon, and saw 20 of its levels.
You also visited: Sewer and Volcano.

You collected 2056 gold pieces.

Inventory:

Hand Weapons
 c - a +6 dire flail of chaos
 J - a +4 scimitar of flaming (weapon)
 L - the +1 dagger of Ruorhaf {spect, rF+}
   (You found it on level 7 of the Dungeon)

   rF+:       It protects you from fire.
Armour
 p - a +1 cloak of poison resistance (worn)
 F - a +0 helmet (worn)
 H - a +0 pair of boots (worn)
 R - the +12 plate armour of Classification (worn) {Will++ Str+4 Dex-3}
   (You found it on level 11 of the Dungeon)

   Str+4:     It affects your strength (+4).
   Dex-3:     It affects your dexterity (-3).
   Will++:    It greatly increases your willpower.
 U - a +2 kite shield (worn)
 Z - a +3 leather armour of fire resistance
Jewellery
 e - an amulet of magic regeneration
 q - the ring of Morality {rN+ EV+5}
   (You found it on level 3 of the Dungeon)

   [ring of evasion]

   EV+5:      It affects your evasion (+5).
   rN+:       It protects you from negative energy.
 r - a ring of protection from fire (left hand)
 x - a +6 ring of strength
 y - an amulet of reflection (around neck)
 B - a ring of ice
 D - a +5 ring of evasion
 G - a ring of protection from fire (right hand)
 O - a ring of ice
 S - a ring of wizardry
 W - a ring of positive energy
Wands
 b - a wand of digging (6)
 d - a wand of charming (4)
 E - a wand of flame (5)
 N - a wand of polymorph (8)
 T - a wand of acid (1)
 X - a wand of roots (5)
Scrolls
 a - a scroll of vulnerability
 g - 4 scrolls of immolation
 h - a scroll of teleportation
 j - 2 scrolls of enchant armour
 k - 5 scrolls of amnesia
 o - a scroll of brand weapon
 s - 2 scrolls of blinking
 t - 3 scrolls of poison
 Y - a scroll of enchant weapon
Potions
 f - 5 potions of brilliance
 i - 5 potions of heal wounds
 l - 2 potions of haste
 m - 3 potions of cancellation
 n - 2 potions of invisibility
 u - 2 potions of attraction
 v - 3 potions of resistance
 w - 2 potions of magic {unknown}
 z - 3 potions of berserk rage
 A - a potion of experience {unknown}
 C - 4 potions of ambrosia
 I - 2 potions of lignification
 K - a potion of might {unknown}
 M - 6 potions of curing
 P - a potion of mutation {unknown}
 V - a potion of enlightenment {unknown}


   Skills:
 + Level 10.6 Fighting
 + Level 10.3 Short Blades
 + Level 10.3 Long Blades
 + Level 10.3 Axes
 + Level 10.3 Maces & Flails
 + Level 10.3 Polearms
 + Level 10.3 Staves
 + Level 10.3 Ranged Weapons
 + Level 10.3 Throwing
 + Level 11.2 Armour
 + Level 10.6 Dodging
 + Level 10.5 Stealth
 + Level 10.3 Shields
 + Level 10.3 Unarmed Combat
 + Level 10.3 Spellcasting
 + Level 8.6 Conjurations
 + Level 8.6 Hexes
 + Level 8.6 Summonings
 + Level 8.6 Necromancy
 + Level 8.6 Translocations
 + Level 8.6 Transmutations
 + Level 8.6 Fire Magic
 + Level 8.6 Ice Magic
 + Level 8.6 Air Magic
 + Level 8.6 Earth Magic
 + Level 8.6 Poison Magic
 + Level 11.2 Invocations
 + Level 12.1 Evocations
 + Level 9.4 Shapeshifting


You had 32 spell levels left.
You knew the following spells:

 Your Spells              Type           Power      Damage    Failure   Level
a - Blink                 Tloc           66%        N/A       21%         2

Your spell library contained the following spells:

 Spells                   Type           Power      Damage    Failure   Level
 Magic Dart               Conj           100%       1d8       13%         1
 Slow                     Hex            100%       N/A       13%         1
 Call Imp                 Summ           66%        N/A       21%         2
 Lesser Beckoning         Tloc           66%        N/A       21%         2
 Momentum Strike          Conj/Tloc      66%        3d9       21%         2
 Searing Ray              Conj           66%        2d6       21%         2
 Confusing Touch          Hex            33%        N/A       36%         3
 Mephitic Cloud           Conj/Pois/Air  33%        N/A       36%         3
 Vampiric Draining        Necr           33%        2d8       36%         3
 Fulminant Prism          Conj/Hex       16%        3d10      78%         4


Dungeon Overview and Level Annotations

Branches:
Dungeon (12/15)            Temple (1/1) D:5            Lair (5/5) D:10
 Shoals (0/4) Lair:2       Spider (0/4) Lair:3        Slime (0/5) Lair:5
    Orc (2/2) D:11            Elf (0/3) Orc:2         Sewer (visited)
Volcano (visited)

Altars:
Ashenzari
Cheibriados
Dithmenos
Elyvilon
Fedhas
Gozag
Hepliaklqana
Kikubaaqudgha
Makhleb
Nemelex Xobeh
Okawaru
Qazlal
Ru
Sif Muna
Trog
Uskayaw
Vehumet
Wu Jian
Xom
Yredelemnul
Zin
The Shining One
Lugonu

Portals:
Abyss: Lair:5

Annotations:
D:10 exclusion: obsidian statue


Innate Abilities, Weirdness & Mutations

Your life essence is reduced to manifest your ancestor. (-10% HP)
You have very sharp teeth.
Your uncanny sense of smell can sniff out nearby items.
Your experience applies equally to all skills.


Message History

You are too injured to fight recklessly!
You are too injured to fight recklessly!
The orc knight hits Thabo with a +0 glaive!
Thabo hits the orc knight with a +0 quarterstaff!
The orc knight roars a battlecry!
The orc knight goes into a battle-frenzy!
The orc knight hits Thabo with a +0 glaive.
Thabo hits the orc knight with a +0 quarterstaff!
The orc knight roars a battlecry!
The orc knight goes into a battle-frenzy!
Thabo hits the orc knight with a +0 quarterstaff!
The orc knight hits Thabo with a +0 glaive!!!
Thabo is destroyed!
You block the orc knight's attack.
The orc knight hits you but does no damage.
The orc knight hits you with a +0 long sword!
You closely miss the orc knight.
The orc knight is almost dead.
The orc knight hits you with a +0 glaive!!
* * * LOW HITPOINT WARNING * * *
You block the orc knight's attack.
You slash the orc knight! You burn the orc knight.
You kill the orc knight!
You block the orc knight's attack.
You closely miss the orc knight.
You bite the orc knight, but do no damage.
The orc knight is moderately wounded.
The orc knight barely misses you.
You hit the orc knight but do no damage.
The orc knight is moderately wounded.
Press: ? - help, v - describe, . - travel
Here: an orc knight, wielding a +0 long sword and wearing a +0 plate armour (moderately wounded, strong)
The floor.
Unknown command.
Aiming: Mindburst
Press: ? - help, Shift-Dir - straight line, f - orc knight
Aim: an orc knight, wielding a +0 long sword and wearing a +0 plate armour (moderately wounded, strong, chance to affect: 83%)
The orc knight's mind is blasted!!!
The now-empty wand crumbles to dust.
The orc knight hits you with a +0 long sword!!
You die...

##.##..#.###..#.#.#.....#....
#.........#..................
##.........#.................
#.........................[.
#...........................
##..#.......................
#...........................
##..........o................
##...........@................
#.............)...............
##............................
#............................
##...........................
#...........................
###
#################...........
..# #........... .##
#...........


You could see an orc knight (strong).

Vanquished Creatures
  Fannar (D:10)
  5 hydras
  Erica (D:9)
  2 two-headed ogres
  A death yak (shapeshifter) (Lair:5)
  6 death yaks (Lair:3)
  2 orc high priests (Orc:2)
  A hell hog (Volcano)
  A thrashing horror (Lair:5)
  A skyshark (Lair:4)
  A fire crab (Lair:4)
  A lindwurm (Lair:4)
  3 orc knights
  A deep elf pyromancer (D:11)
  2 cyclopes (D:12)
  2 ugly things (Lair:5)
  An oklob plant (Lair:5)
  10 elephants
  A black mamba (Lair:3)
  2 smoke demons (Lair:5)
  5 cane toads
  A kobold demonologist (D:12)
  7 komodo dragons
  6 rime drakes
  4 trolls
  5 polar bears
  A dream sheep (Lair:4)
  15 blink frogs
  A raiju (Lair:5)
  A snapping turtle (Lair:2)
  3 shadows
  27 yaks
  A spriggan (Lair:5)
  A ynoxinul (Lair:5)
  6 wyverns
  2 fire bats (Volcano)
  5 basilisks
  2 vampire mosquitoes (D:11)
  2 steam dragons (D:9)
  A chaos spawn (Lair:5)
  A warg (Orc:1)
  Edmund (D:4)
  2 acid dragons
  8 water moccasins
  A sky beast (D:7)
  2 ice beasts
  3 black bears
  12 orc warriors
  8 wolves
  3 ogres
  3 small abominations (Lair:5)
  3 centaurs
  2 phantoms (D:5)
  2 kobold brigands
  5 bullfrogs
  2 gnoll sergeants
  3 scorpions
  5 wights
  A troll zombie (D:11)
  7 killer bees
  An electric eel (Lair:5)
  A hound (D:7)
  4 orc priests
  2 jellies
  Crazy Yiuf (D:2)
  2 sleepcaps
  2 iguanas
  8 orc wizards
  A hell rat (Lair:4)
  5 ogre zombies (D:11)
  4 adders
  13 gnolls
  2 shadow imps
  2 ufetubi
  A worm (D:2)
  3 dart slugs
  29 orcs
  11 endoplasms
  2 giant cockroaches
  5 goblins
  4 hobgoblins
  9 jackals
  6 quokkas
  7 ball pythons
  8 bats
  2 frilled lizards (D:1)
  A goblin skeleton (D:11)
  2 goblin zombies (D:11)
  A hobgoblin skeleton (D:11)
  3 hobgoblin zombies (D:11)
  20 kobolds
  10 orc zombies (D:11)
  3 rats
390 creatures vanquished.

Vanquished Creatures (collateral kills)
  4 hydras
  A catoblepas (Lair:5)
  4 death yaks
  2 thrashing horrors (Lair:5)
  2 fire crabs
  An orc knight (Orc:2)
  2 ugly things
  2 oklob plants (Lair:5)
  2 cyclopes (D:11)
  4 black mambas
  9 elephants
  A cane toad (Lair:2)
  A large abomination (Lair:5)
  An unseen horror (shapeshifter) (Lair:5)
  3 kobold demonologists
  3 rime drakes
  4 komodo dragons
  2 trolls
  4 polar bears
  7 blink frogs
  2 shadows
  A wraith (D:11)
  2 basilisks (Lair:4)
  2 fire bats (Volcano)
  A ynoxinul (Lair:5)
  4 wyverns
  10 yaks
  A steam dragon (Volcano)
  A vampire mosquito (D:11)
  3 hell hounds
  A warg (Orc:1)
  7 water moccasins
  An acid dragon (D:10)
  6 orc warriors
  A black bear (Lair:2)
  2 ogres (Orc:2)
  7 wolves
  2 centaurs
  3 bullfrogs
  4 kobold brigands (D:12)
  A scorpion (D:7)
  3 small abominations (Lair:5)
  A killer bee (D:9)
  An electric eel (Lair:5)
  A hound (D:7)
  2 orc priests
  A sleepcap (D:8)
  9 orc wizards
  2 gnolls
  2 adders (D:4)
  10 orcs
  A ball python (D:4)
  A hobgoblin (D:4)
  11 kobolds
  An orc skeleton (D:11)
  An orc zombie (D:11)
168 creatures vanquished.

Vanquished Creatures (others)
  Nessos (Lair:5)
  A steam dragon (Volcano)
  A basilisk (Lair:4)
  A water moccasin (Lair:3)
  An orc warrior (Orc:1)
  An orc priest (D:6)
  15 battlemagi
  An orc wizard (D:4)
  An orc (Orc:1)
23 creatures vanquished.

Grand Total: 581 creatures vanquished

Notes
Turn   | Place    | Note
-------+----------+-------------------------------------------
     0 | D:1      | cforsyth the Gnoll Artificer began the quest for the Orb.
     0 | D:1      | Reached XP level 1. HP: 17/17 MP: 1/1
   139 | D:1      | Reached XP level 2. HP: 10/23 MP: 2/2
   417 | D:1      | Found a faded altar of an unknown god.
   521 | D:1      | Reached XP level 3. HP: 26/28 MP: 3/3
  1197 | D:2      | Reached skill level 1 in Invocations
  1637 | D:2      | Reached skill level 1 in Short Blades
  1637 | D:2      | Reached skill level 1 in Long Blades
  1637 | D:2      | Reached skill level 1 in Axes
  1637 | D:2      | Reached skill level 1 in Maces & Flails
  1637 | D:2      | Reached skill level 1 in Polearms
  1637 | D:2      | Reached skill level 1 in Staves
  1637 | D:2      | Reached skill level 1 in Ranged Weapons
  1637 | D:2      | Reached skill level 1 in Throwing
  1637 | D:2      | Reached skill level 1 in Shields
  1637 | D:2      | Reached skill level 1 in Unarmed Combat
  1637 | D:2      | Reached skill level 1 in Spellcasting
  1839 | D:2      | Found a shimmering blue altar of Sif Muna.
  1916 | D:2      | Reached XP level 4. HP: 6/34 MP: 5/5
  1926 | D:2      | Reached skill level 1 in Shapeshifting
  2283 | D:2      | Found a runed translucent door.
  2284 | D:2      | Noticed Crazy Yiuf
  2290 | D:2      | Killed Crazy Yiuf
  2291 | D:2      | Reached skill level 1 in Conjurations
  2291 | D:2      | Reached skill level 1 in Hexes
  2291 | D:2      | Reached skill level 1 in Summonings
  2291 | D:2      | Reached skill level 1 in Necromancy
  2291 | D:2      | Reached skill level 1 in Translocations
  2291 | D:2      | Reached skill level 1 in Transmutations
  2291 | D:2      | Reached skill level 1 in Fire Magic
  2291 | D:2      | Reached skill level 1 in Ice Magic
  2291 | D:2      | Reached skill level 1 in Air Magic
  2291 | D:2      | Reached skill level 1 in Earth Magic
  2291 | D:2      | Reached skill level 1 in Poison Magic
  2363 | D:3      | Found an opulent altar of Gozag.
  2416 | D:3      | Identified the ring of Morality {rN+ EV+5}
  3018 | D:4      | Reached XP level 5. HP: 18/41 MP: 5/7
  3202 | D:4      | Noticed Edmund
  3260 | D:4      | Found a shadowy altar of Dithmenos.
  3285 | D:4      | Killed Edmund
  3286 | D:4      | Reached skill level 5 in Armour
  3286 | D:4      | Reached XP level 6. HP: 34/47 MP: 7/9
  3532 | D:4      | Reached XP level 7. HP: 38/52 MP: 10/10
  3984 | D:5      | Entered Level 5 of the Dungeon
  3992 | D:5      | Reached skill level 7 in Evocations
  4380 | D:5      | Found a staircase to the Ecumenical Temple.
  4399 | Temple   | Entered the Ecumenical Temple
  4409 | Temple   | Became a worshipper of Hepliaklqana the Forgotten
  4429 | D:5      | Reached XP level 8. HP: 60/60 MP: 12/12
  4980 | D:6      | Found a glowing drain.
  4984 | Sewer    | Entered a sewer
  5369 | D:6      | Reached XP level 9. HP: 60/66 MP: 14/14
  5398 | D:6      | HP: 2/67 [asphyx]
  5850 | D:6      | Reached * piety under Hepliaklqana
  5874 | D:6      | You fall into a shaft and drop 3 floors!
  5947 | D:9      | Noticed a troll
  5960 | D:9      | Killed a troll
  5961 | D:9      | Reached skill level 5 in Fighting
  5961 | D:9      | Reached skill level 5 in Dodging
  6020 | D:9      | Reached skill level 5 in Stealth
  6108 | D:9      | Noticed a troll
  6119 | D:9      | Killed a troll
  6120 | D:9      | Reached skill level 8 in Evocations
  6150 | D:9      | Reached skill level 5 in Invocations
  6180 | D:9      | Noticed Erica
  6187 | D:9      | Killed Erica
  6188 | D:9      | Reached XP level 10. HP: 68/68 MP: 15/17
  6230 | D:8      | Reached skill level 5 in Short Blades
  6230 | D:8      | Reached skill level 5 in Long Blades
  6230 | D:8      | Reached skill level 5 in Axes
  6230 | D:8      | Reached skill level 5 in Maces & Flails
  6230 | D:8      | Reached skill level 5 in Polearms
  6230 | D:8      | Reached skill level 5 in Staves
  6230 | D:8      | Reached skill level 5 in Ranged Weapons
  6230 | D:8      | Reached skill level 5 in Throwing
  6230 | D:8      | Reached skill level 5 in Shields
  6230 | D:8      | Reached skill level 5 in Unarmed Combat
  6230 | D:8      | Reached skill level 5 in Spellcasting
  6296 | D:7      | Found an ancient bone altar of Kikubaaqudgha.
  6451 | D:7      | Identified the +1 dagger of Ruorhaf {spect, rF+}
  6861 | D:6      | Reached ** piety under Hepliaklqana
  6862 | D:6      | Remembered your ancestor Thabo as a battlemage
  7448 | D:8      | Found a stormy altar of Qazlal.
  7450 | D:8      | Found a hide-covered altar of Uskayaw.
  7711 | D:8      | Found a sacrificial altar of Ru.
  7725 | D:8      | Reached skill level 5 in Shapeshifting
  8208 | D:9      | Noticed a two-headed ogre
  8285 | D:8      | Killed a two-headed ogre
  8328 | D:9      | Reached *** piety under Hepliaklqana
  8491 | D:10     | Entered Level 10 of the Dungeon
  8657 | D:10     | Found a staircase to the Lair.
  8740 | D:10     | Noticed an obsidian statue
  8801 | D:10     | Noticed Fannar
  8827 | D:10     | Killed Fannar
  8828 | D:10     | Reached skill level 5 in Conjurations
  8828 | D:10     | Reached skill level 5 in Hexes
  8828 | D:10     | Reached skill level 5 in Summonings
  8828 | D:10     | Reached skill level 5 in Necromancy
  8828 | D:10     | Reached skill level 5 in Translocations
  8828 | D:10     | Reached skill level 5 in Transmutations
  8828 | D:10     | Reached skill level 5 in Fire Magic
  8828 | D:10     | Reached skill level 5 in Ice Magic
  8828 | D:10     | Reached skill level 5 in Air Magic
  8828 | D:10     | Reached skill level 5 in Earth Magic
  8828 | D:10     | Reached skill level 5 in Poison Magic
  8828 | D:10     | Reached skill level 9 in Evocations
  8828 | D:10     | Reached XP level 11. HP: 7/74 MP: 18/20
  9016 | D:10     | Reached **** piety under Hepliaklqana
  9275 | D:11     | Identified the +12 plate armour of Classification {Will++
                  | Str+4 Dex-3}
  9345 | D:11     | Noticed a cyclops
  9353 | D:11     | Killed a cyclops
  9384 | D:11     | Noticed a deep elf pyromancer
  9391 | D:11     | Killed a deep elf pyromancer
  9607 | D:11     | Found a staircase to the Orcish Mines.
  9859 | D:11     | Noticed a purple ugly thing
  9866 | D:11     | Killed a purple ugly thing
 10073 | D:11     | Noticed a cyclops
 10082 | D:11     | Killed a cyclops
 10503 | D:12     | Noticed a cyclops
 10511 | D:12     | Killed a cyclops
 10955 | D:11     | Reached XP level 12. HP: 78/81 MP: 19/22
 11177 | D:12     | Noticed a two-headed ogre
 11185 | D:12     | Killed a two-headed ogre
 12109 | Lair:1   | Entered Level 1 of the Lair of Beasts
 12217 | Lair:1   | Reached ***** piety under Hepliaklqana
 12339 | Lair:1   | Reached skill level 10 in Evocations
 12983 | Lair:2   | Noticed an eight-headed hydra
 12991 | Lair:2   | Killed a three-headed hydra
 13163 | Lair:2   | Noticed a death yak
 13171 | Lair:2   | Killed a death yak
 13399 | Lair:2   | Found a staircase to the Shoals.
 13820 | Lair:2   | Reached XP level 13. HP: 52/89 MP: 23/25
 14195 | Lair:3   | Found a hole to the Spider Nest.
 15980 | Lair:4   | Reached skill level 10 in Armour
 15980 | Lair:4   | Reached skill level 11 in Evocations
 16613 | Lair:4   | Reached XP level 14. HP: 92/97 MP: 26/26
 17051 | Lair:4   | Reached skill level 10 in Invocations
 17687 | Lair:5   | Entered Level 5 of the Lair of Beasts
 17783 | Lair:5   | Noticed Nessos
 17803 | Lair:5   | Killed Nessos
 18272 | Lair:5   | Reached skill level 10 in Fighting
 18272 | Lair:5   | Reached skill level 10 in Dodging
 18398 | Lair:5   | Reached skill level 10 in Stealth
 19073 | Lair:5   | Reached XP level 15. HP: 71/103 MP: 28/28
 19409 | Lair:5   | Reached skill level 10 in Short Blades
 19409 | Lair:5   | Reached skill level 10 in Long Blades
 19409 | Lair:5   | Reached skill level 10 in Axes
 19409 | Lair:5   | Reached skill level 10 in Maces & Flails
 19409 | Lair:5   | Reached skill level 10 in Polearms
 19409 | Lair:5   | Reached skill level 10 in Staves
 19409 | Lair:5   | Reached skill level 10 in Ranged Weapons
 19409 | Lair:5   | Reached skill level 10 in Throwing
 19409 | Lair:5   | Reached skill level 10 in Shields
 19409 | Lair:5   | Reached skill level 10 in Unarmed Combat
 19409 | Lair:5   | Reached skill level 10 in Spellcasting
 19412 | Lair:5   | Learned a level 2 spell: Blink
 19505 | Lair:5   | Found a staircase to the Slime Pits.
 19939 | Lair:5   | Found a corrupted altar of Lugonu.
 19939 | Lair:5   | Found a one-way gate to the infinite horrors of the Abyss.
 19947 | Lair:5   | Identified the staff "Beetleslayer" {rN+ Int+3 Necro}
 20401 | Orc:1    | Entered Level 1 of the Orcish Mines
 20546 | Orc:2    | Entered Level 2 of the Orcish Mines
 20565 | Orc:1    | Reached skill level 12 in Evocations
 20895 | Orc:1    | Found a dark tunnel.
 20936 | Volcano  | Entered a volcano
 21788 | Orc:2    | Found a staircase to the Elven Halls.
 21909 | Orc:2    | Reached ****** piety under Hepliaklqana
 22090 | Orc:2    | Mangled by an orc knight

Illustrated notes

Levels and vault maps discovered:
D:1:      sevenhm_arrival_forest_fort_large_4, layout_loops_ring,
          hellmonk_ecumenical_altar_leap_of_faith
D:2:      minmay_evil_eye, layout_rooms, basic_altar, uniq_crazy_yiuf_cottage
D:3:      layout_loops_ring, grunt_gozag_breadcrumbs
D:4:      layout_loops_cross, mainiacjoe_overflow_six_doors_small, uniq_edmund
D:5:      layout_rooms, minmay_temple_entry_overgrown, minmay_strange_pillars
D:6:      layout_loops_corners, gup_sewer_entry_bowl,
          chequers_serial_rivers_micro_d
D:7:      layout_basic, mainiacjoe_overflow_boulevard, minmay_gold_behind_fungi
D:8:      layout_loops_corners, jmf_multi_god_temple,
          mainiacjoe_overflow_chevrons
D:9:      layout_roguey, uniq_erica
D:10:     layout_stronghold, david_lair_shrubbed, minivault_16, uniq_fannar
D:11:     layout_stronghold, zombieorc1_lemuel, serial_glass, glass_columns_a,
          glass_columns_a, minmay_misc_feat_enclosed, lemuel_nasty_fountain
D:12:     layout_stronghold
Temple:   regret_index_temple_sphere_string
Lair:1:   layout_cave_pods
Lair:2:   layout_cellular_growth, minmay_shoals_entry_hut,
          grunt_forest_large_clearings
Lair:3:   layout_loops_ring, dummy_spider_entry, beast_lair_carwin_4,
          grunt_megastairs_5, infiniplex_staircase_pool, lemuel_fruit_tree
Lair:4:   layout_roguey, special_room [special_room_mythical_zoo],
          hangedman_lair_generics_rect, grunt_megastairs_2
Lair:5:   hellmonk_lair_end_abyssal_woods, layout_hall_layers,
          minmay_slime_entry_oklob_enclosed, cheibrodos_lair_lostbears,
          serial_bayou_shore_a, uniq_nessos
Orc:1:    layout_caves, enter_volcano_3
Orc:2:    st_orc_elflike, layout_diamond_mine

Skill      XL: |  1  2  3  4  5  6  7  8  9 10 11 12 13 14 15 |
---------------+----------------------------------------------+-----
Invocations    | 1 2 3 4 5 6 7 8 9 10 11 | 11.2
Short Blades   | 1 2 3 4 6 7 8 9 10 | 10.3
Long Blades    | 1 2 3 4 6 7 8 9 10 | 10.3
Axes           | 1 2 3 4 6 7 8 9 10 | 10.3
Maces & Flails | 1 2 3 4 6 7 8 9 10 | 10.3
Polearms       | 1 2 3 4 6 7 8 9 10 | 10.3
Staves         | 1 2 3 4 6 7 8 9 10 | 10.3
Ranged Weapons | 1 2 3 4 6 7 8 9 10 | 10.3
Throwing       | 1 2 3 4 6 7 8 9 10 | 10.3
Shields        | 1 2 3 4 6 7 8 9 10 | 10.3
Unarmed Combat | 1 2 3 4 6 7 8 9 10 | 10.3
Spellcasting   | 1 2 3 4 6 7 8 9 10 | 10.3
Shapeshifting  | 1 2 3 4 5 6 7 8 9 |  9.4
Conjurations   | 1 2 3 4 5 6 7 8 |  8.6
Hexes          | 1 2 3 4 5 6 7 8 |  8.6
Summonings     | 1 2 3 4 5 6 7 8 |  8.6
Necromancy     | 1 2 3 4 5 6 7 8 |  8.6
Translocations | 1 2 3 4 5 6 7 8 |  8.6
Transmutations | 1 2 3 4 5 6 7 8 |  8.6
Fire Magic     | 1 2 3 4 5 6 7 8 |  8.6
Ice Magic      | 1 2 3 4 5 6 7 8 |  8.6
Air Magic      | 1 2 3 4 5 6 7 8 |  8.6
Earth Magic    | 1 2 3 4 5 6 7 8 |  8.6
Poison Magic   | 1 2 3 4 5 6 7 8 |  8.6
Fighting       | 3 4 5 6 7 8 9 10 | 10.6
Dodging        | 3 4 5 6 7 8 9 10 | 10.6
Armour         | 5 6 7 8 9 10 11 | 11.2
Stealth        | 3 4 5 6 7 8 9 10 | 10.5
Evocations     | 7 8 9 10 11 12 | 12.1

Action                     |  1- 3 |  4- 6 |  7- 9 | 10-12 | 13-15 || total
---------------------------+-------+-------+-------+-------+-------++-------
  Melee: Club              |   222 |    61 |       |       |       ||   283
         Bite              |    23 |    13 |    20 |    72 |   148 ||   276
         Dagger            |       |    33 |       |       |       ||    33
         Dire flail        |       |    37 |   236 |   385 |       ||   658
         Scimitar          |       |       |       |   102 |   900 ||  1002
   Cast: Blink             |       |       |       |       |     1 ||     1
 Invoke: Ancestor Life: Ba |       |       |       |     1 |       ||     1
         Recall Ancestor   |       |       |       |     2 |       ||     2
  Evoke: Wand              |     1 |    18 |    11 |     3 |    30 ||    63
    Use: Scroll            |       |     1 |    12 |     5 |    12 ||    30
         Potion            |       |       |     2 |       |     4 ||     6
   Stab: Sleeping          |     3 |     5 |     7 |     9 |       ||    24
         Distracted        |       |       |       |     7 |    17 ||    24
         Petrified         |       |       |       |       |     1 ||     1
 Armour: Leather armour    |    82 |    63 |    60 |       |       ||   205
         Chain mail        |       |       |    44 |       |       ||    44
         Troll leather arm |       |       |     7 |    65 |       ||    72
         Plate armour      |       |       |       |   165 |   589 ||   754
  Dodge: Dodged            |   193 |    77 |   189 |   342 |   505 ||  1306
  Block: Other             |       |       |    42 |   103 |       ||   145
         Reflection        |       |       |     3 |     3 |    15 ||    21
         Kite shield       |       |       |       |   113 |  1154 ||  1267

Table legend: (Time is in decaauts)
 A = Elapsed time spent in this place.
 B = Non-inter-level travel time spent in this place.
 C = Inter-level travel time spent in this place.
 D = Time resting spent in this place.
 E = Time spent auto-exploring this place.
 F = Levels seen in this place.
 G = Mean time per level.
                   A        B        C        D        E       F      G
               +--------+--------+--------+--------+--------+-----+--------+
         Total |  22302 |  21225 |   1077 |   1593 |  15260 |  22 | 1013.7 |
       Dungeon |  12119 |  11388 |    731 |    723 |   8323 |  12 | 1009.9 |
        Temple |     20 |      1 |     19 |      0 |      0 |   1 |   20.0 |
          Lair |   8275 |   7970 |    305 |    623 |   5799 |   5 | 1655.0 |
  Orcish Mines |   1335 |   1314 |     21 |    247 |    707 |   2 |  667.5 |
         Sewer |    203 |    203 |      0 |      0 |    157 |   1 |  203.0 |
       Volcano |    348 |    348 |      0 |      0 |    273 |   1 |  348.0 |
               +--------+--------+--------+--------+--------+-----+--------+

Top non-repeatable levels by time:
  Lair:5: 2518 daAuts
  Lair:4: 1983 daAuts
  Lair:2: 1542 daAuts
    D:11: 1454 daAuts
    D:12: 1403 daAuts
     D:6: 1374 daAuts
     D:2: 1347 daAuts
  Lair:3: 1311 daAuts
     D:1: 1053 daAuts
     D:8: 1001 daAuts
  Lair:1: 919 daAuts
     D:4: 909 daAuts
    D:10: 850 daAuts
   Orc:1: 798 daAuts
     D:3: 755 daAuts
